 Dungeon Crawl Stone Soup version 0.32-a0-22-g6ae6769602 (webtiles) character file.

Game seed: 8981593265106888333

5 Xavori the Trooper (level 1, 0/20 HPs)
             Began as a Djinni Chaos Knight on Jan 18, 2024.
             Was a Plaything of Xom.
             Slain by a quokka (1 damage)
             ... on level 1 of the Dungeon.
             The game lasted 00:00:10 (94 turns).

Xavori the Trooper (Djinni Chaos Knight)              Turns: 94, Time: 00:00:11

Health: 0/20       AC:  5    Str: 11    XL:     1   Next: 88%
Gold:   17         EV: 11    Int: 13    God:    Xom [*.....] SH:  0 Dex: 12

rFire   + + .        a - +0 falchion (chaos)
rCold   x . .        (no shield)
rNeg    . . .        b - +2 leather armour
rPois   ∞            (no helmet)
rElec   .            (no cloak)
rCorr   .            (no gloves)
SInv    .            (boots unavailable)
Will    .....        (no amulet)
Stlth   +            (no ring)
HPRegen 0.23/turn    (no ring)
MPRegen 0.00/turn

%: infuse magic (-1 HP)
@: flying
A: sickness immunity, fire resistance 2, cold vulnerability 1, float, innate
caster, HP casting, extra vitality 1
a: Renounce Religion


You were on level 1 of the Dungeon.
You worshipped Xom.
You were a special plaything of Xom.
You visited 1 branch of the dungeon, and saw 1 of its levels.

You collected 17 gold pieces.

Inventory:

Hand Weapons
 a - a +0 falchion of chaos (weapon)
Missiles
 d - a throwing net (quivered)
Armour
 b - a +2 leather armour (worn)
Scrolls
 c - a scroll of butterflies


   Skills:
 + Level 3.0 Fighting
 + Level 2.7 Long Blades
 + Level 1.1 Armour
 + Level 2.2 Dodging
 * Level 0.2 Spellcasting
 * Level 0.2 Conjurations
 * Level 0.2 Hexes
   Level 0.0 Charms
 * Level 0.2 Summonings
 * Level 0.2 Necromancy
 * Level 0.2 Translocations
   Level 0.0 Transmutations
 * Level 0.2 Fire Magic
 * Level 0.2 Ice Magic
 * Level 0.2 Air Magic
 * Level 0.2 Earth Magic
 * Level 0.2 Alchemy You didn't know any spells. Your spell library was empty.

Dungeon Overview and Level Annotations

Branches:
Dungeon (1/15)

Altars:


Innate Abilities, Weirdness & Mutations

You are immune to sickness and miasma.
You are immune to poison.
Your flesh is very heat resistant. (rF++)
You are vulnerable to cold. (rC-)
You float through the air rather than walking.
You learn spells naturally, not from books.
Your magical power is your life essence.
You have superior vitality. (+4 MHP)


Message History

The rat barely misses the quokka.
The quokka closely misses you. The quokka misses you.
You are too injured to fight recklessly!
You are too injured to fight recklessly!
You are too injured to fight recklessly!
You miss the quokka.
The quokka is almost dead.
The hobgoblin seems less confused.
The quokka barely misses you. The endoplasm freezes you.
You are frozen.
You feel a terrible chill!
You barely miss the quokka.
The quokka is almost dead.
The quokka bites you but does no damage.
The rat completely misses the quokka.
The endoplasm freezes you.
You are frozen.
You feel a terrible chill!
* * * LOW HITPOINT WARNING * * *
You completely miss the endoplasm.
You feel less confused. The quokka barely misses you.
The endoplasm freezes you.
You are frozen.
You feel a terrible chill!
* * * LOW HITPOINT WARNING * * *
The quokka bites you.
* * * LOW HITPOINT WARNING * * *
You hit the endoplasm.
The endoplasm is lightly wounded.
The quokka bites you.
* * * LOW HITPOINT WARNING * * *
The endoplasm misses you.
You hit the endoplasm but do no damage.
The endoplasm is lightly wounded.
The quokka barely misses you. The endoplasm misses you.
The quokka closely misses you.
You hit the endoplasm.
The endoplasm seems to speed up.
You punch the endoplasm, but do no damage.
The endoplasm is heavily wounded.
The endoplasm hits you but does no damage.
The endoplasm closely misses you. The quokka bites you.
You die...

............#
#...........#
#..?.......#
#>.........#
##.......r.r#
............#
#.......g..#
#.......rJ.#
####..###@##
...........#
............##
..............#
#..............#
#..............#
##..............#
.....)..........#
#..............##


You could see an endoplasm (fast), 2 quokkas, a hobgoblin and a rat (confused).

Vanquished Creatures
  A bat (D:1)
  An endoplasm (D:1)
  4 rats (D:1)
6 creatures vanquished.

Notes
Turn   | Place    | Note
-------+----------+-------------------------------------------
     0 | D:1      | Xavori the Djinni Chaos Knight began the quest for the Orb.
     0 | D:1      | Reached XP level 1. HP: 20/20 MP: 0/0
    84 | D:1      | XOM: confusion (+ monsters)
    91 | D:1      | HP: 1/20 [quokka (1)]
    94 | D:1      | Slain by a quokka

Illustrated notes

Levels and vault maps discovered:
D:1:      saegor_arrival_simple_c, layout_rooms, serial_bayou_pond_c

Action                     || total
---------------------------++-------
  Melee: Falchion          ||    20
         Punch             ||     1
 Armour: Leather armour    ||    23
  Dodge: Dodged            ||    27

Table legend: (Time is in decaauts)
 A = Elapsed time spent in this place.
 B = Non-inter-level travel time spent in this place.
 C = Inter-level travel time spent in this place.
 D = Time resting spent in this place.
 E = Time spent auto-exploring this place.
 F = Levels seen in this place.
 G = Mean time per level.
                   A        B        C        D        E       F      G
               +--------+--------+--------+--------+--------+-----+--------+
         Total |     96 |     96 |      0 |      0 |     59 |   1 |   96.0 |
       Dungeon |     96 |     96 |      0 |      0 |     59 |   1 |   96.0 |
               +--------+--------+--------+--------+--------+-----+--------+

Top non-repeatable levels by time:
     D:1: 96 daAuts
